 Dungeon Crawl Stone Soup version 0.27-a0-1105-g946c659c87 (webtiles) character file.

Game seed: 7741377281766280500

674 kae the Slasher (level 7, -1/55 HPs)
             Began as a Formicid Abyssal Knight on Apr 29, 2021.
             Was a Believer of Lugonu.
             Slain by Blork the orc
             ... wielding a +0 battleaxe
              (15 damage)
             ... on level 4 of the Dungeon.
             The game lasted 00:04:43 (4753 turns).

kae the Slasher (Formicid Abyssal Knight)           Turns: 4753, Time: 00:04:44

Health: -1/55      AC: 11    Str: 19    XL:     7   Next: 90%
Magic:  10/10      EV: 12    Int: 17    God:    Lugonu [**....]
Gold:   137        SH:  0    Dex: 10    Spells: 6/6 levels left

rFire    . . .     SeeInvis +   a - +1 falchion (protect)
rCold    . . .     Faith    .   (no shield)
rNeg     . . .     Spirit   .   b - +0 leather armour
rPois    .         Reflect  +   (helmet unavailable)
rElec    .         Harm     .   (no cloak)
rCorr    .         Rampage  .   k - +0 pair of gloves
Will     .....                  (no boots)
Stlth    ..........             d - amulet of reflection
HPRegen  0.18/turn              h - +6 ring of intelligence
MPRegen  0.12/turn              (no ring)

@: confused, under a protective aura
A: permanent stasis, dig shafts and tunnels, antennae 3, four strong arms
a: Dig, Shaft Self, Renounce Religion, Depart the Abyss, Bend Space


You were on level 4 of the Dungeon.
You worshipped Lugonu.
Lugonu was pleased with you.
You visited 1 branch of the dungeon, and saw 6 of its levels.
You visited the Abyss 1 time.

You collected 137 gold pieces.

Inventory:

Hand Weapons
 a - a +1 falchion of protection (weapon)
Armour
 b - a +0 leather armour (worn)
 k - a +0 pair of gloves (worn)
Jewellery
 c - a ring of fire
 d - an amulet of reflection (around neck)
 f - a ring of protection from cold
 h - a +6 ring of intelligence (left hand)
Wands
 g - a wand of polymorph (1)
Scrolls
 n - a scroll of identify
Potions
 e - a potion of attraction
 i - a potion of flight


   Skills:
 + Level 4.7 Fighting
 * Level 5.0 Long Blades
 + Level 4.2 Armour
 + Level 2.9 Dodging
 + Level 4.4 Invocations


You had 6 spell levels left.
You didn't know any spells.
Your spell library contained the following spells:

 Spells                   Type           Power      Damage    Failure   Level
 Animate Skeleton         Necr           0%         N/A       26%         1
 Apportation              Tloc           0%         N/A       26%         1
 Corona                   Hex            0%         N/A       26%         1
 Summon Small Mammal      Summ           0%         N/A       26%         1


Dungeon Overview and Level Annotations

Branches:
Dungeon (6/15)
 Temple: D:4-7

Altars:
Vehumet
Zin

Annotations:
D:4 Blork the orc


Innate Abilities, Weirdness & Mutations

You cannot be hasted, slowed, berserked, paralysed or teleported.
You can dig through walls and to a lower floor.
You have a pair of large antennae on your head. (SInv)
Your four strong arms can wield two-handed weapons with a shield.


Message History

Moving in this stuff is going to be slow.
Blork the orc screams, "I'll drink your blood!
Soon!"
The golden eye blinks at you.
You are more confused.
You're too confused to move!
The golden eye blinks at you.
You easily resist.
Blork the orc barely misses you.
Blork the orc hits you with a +0 battleaxe!
* * * LOW HITPOINT WARNING * * *
You enter the shallow water.
Moving in this stuff is going to be slow.
The golden eye blinks at you.
You are more confused.
Blork the orc closely misses you.
The golden eye pulsates ominously.
The golden eye blinks at you. You resist with almost no effort.
Blork the orc hits you with a +0 battleaxe!
* * * LOW HITPOINT WARNING * * *
You feel better. Blork the orc barely misses you.
Okay, then.
The golden eye blinks at you.
You are confused.
Blork the orc barely misses you.
You are too confused!
You miss the golden eye. The golden eye blinks at you.
You easily resist.
Blork the orc looks encouraged for a moment.
You bump into the rock wall.
The golden eye blinks at you.
You are more confused.
Blork the orc hits you but does no damage.
You hit Blork the orc.
Your weapon exudes an aura of protection.
Blork the orc is moderately wounded.
The golden eye blinks at you. You resist with almost no effort.
Blork the orc hits you with a +0 battleaxe!
You die...

#### ##### ##### ##########...
....# ###...####........#.##
....# #≈≈≈≈≈≈≈≈#.[.....[..#
..=.##########.o@###########.####
...............G.................
....#######...#..#########.#.####
###########.####.#### #.#.# {
................## #.#.#
###########.###..# #.#.# #.##
##.# #.#.# ##.####.#####.#†#
#.....#.##....).#


You could see Blork the orc and a golden eye.

Vanquished Creatures
  Edmund (D:4)
  A necrophage (D:6)
  A bullfrog (D:6)
  A scorpion (D:4)
  2 hounds
  Ijyb (D:3)
  An iguana (D:6)
  Natasha (thrice) (D:3)
  3 gnolls (D:2)
  5 adders
  2 adder skeletons (D:4)
  3 worms
  6 dart slugs
  4 orcs (D:6)
  2 endoplasms
  2 giant cockroaches
  3 goblins
  5 hobgoblins
  2 jackals (D:2)
  2 kobolds
  4 quokkas
  12 ball pythons
  3 bats
  10 frilled lizards
  3 rats
82 creatures vanquished.

Vanquished Creatures (others)
  5 plants
5 creatures vanquished.

Grand Total: 87 creatures vanquished

Notes
Turn   | Place    | Note
-------+----------+-------------------------------------------
     0 | Abyss:1  | kae the Formicid Abyssal Knight began the quest for the
                  | Orb.
     0 | Abyss:1  | Reached XP level 1. HP: 18/18 MP: 2/2
    74 | Abyss:1  | Noticed a ynoxinul
    75 | Abyss:1  | Found a sacrificial altar of Ru.
    83 | D:1      | Escaped the Abyss
   204 | D:1      | Reached * piety under Lugonu
   205 | D:1      | Reached skill level 1 in Dodging
   330 | D:1      | Reached XP level 2. HP: 24/24 MP: 3/3
   337 | D:1      | Found a faded altar of an unknown god.
  1038 | D:2      | Reached XP level 3. HP: 29/29 MP: 4/4
  1422 | D:2      | Reached XP level 4. HP: 37/37 MP: 6/6
  1490 | D:2      | Reached skill level 3 in Long Blades
  2118 | D:2      | Reached XP level 5. HP: 21/42 MP: 7/7
  2306 | D:3      | Noticed Ijyb
  2336 | D:3      | Killed Ijyb
  2413 | D:3      | Reached ** piety under Lugonu
  2769 | D:3      | Noticed Natasha
  2775 | D:3      | Killed Natasha
  2776 | D:3      | Reached XP level 6. HP: 44/48 MP: 8/8
  2989 | D:3      | Noticed Natasha
  3004 | D:3      | Killed Natasha
  3026 | D:3      | Noticed Natasha
  3047 | D:3      | Killed Natasha
  3317 | D:4      | Reached skill level 4 in Long Blades
  3547 | D:4      | Found a glowing silver altar of Zin.
  3773 | D:4      | Noticed Edmund
  3808 | D:4      | Killed Edmund
  3809 | D:4      | Reached XP level 7. HP: 23/55 MP: 8/10
  4165 | D:4      | Noticed Sigmund
  4165 | D:4      | Noticed Blork the orc
  4191 | D:4      | You are sucked into a shaft and drop 2 floors!
  4431 | D:6      | Reached skill level 5 in Long Blades
  4544 | D:5      | Entered Level 5 of the Dungeon
  4561 | D:5      | Found a radiant altar of Vehumet.
  4622 | D:4      | Noticed Sigmund
  4622 | D:4      | Sigmund changed into Sigmund the goblin
  4624 | D:4      | Killed Sigmund the goblin
  4675 | D:4      | Noticed a hornet
  4678 | D:4      | Noticed a golden eye
  4678 | D:4      | a hornet changed into a golden eye
  4748 | D:4      | HP: 2/55 [Blork the orc/+0 battleaxe (10)]
  4753 | D:4      | Slain by Blork the orc

Illustrated notes

Levels and vault maps discovered:
D:1:      moated_graveyard_arrival, layout_basic,
          shapermc_ecumenical_altar_mp_urbaneastern, serial_forest,
          infiniplex_forest_clump_curved, infiniplex_forest_lined_room_,
          infiniplex_forest_clump_diagonal, infiniplex_forest_clump_long,
          infiniplex_forest_lined_4_way, infiniplex_forest_clump_curved,
          infiniplex_forest_straight_3, infiniplex_forest_straight_3
D:2:      layout_loops_corners, minmay_lizard_king
D:3:      layout_basic, uniq_ijyb, uniq_natasha
D:4:      layout_basic, kennysheep_mini_moat, fedhas_altar_1,
          chequers_serial_rivers_micro_a, uniq_blork_the_orc, uniq_sigmund,
          uniq_edmund
D:5:      layout_rooms, nicolae_vehumet_altar_sigil, cheibriados_altar_2
D:6:      layout_cave_pools, minmay_temple_entry_slanted, serial_bayou_pond_a

Skill      XL: |  1  2  3  4  5  6  7 |
---------------+----------------------+-----
Dodging        | 1 2 |  2.9
Long Blades    | 3 4 5 |  5.0
Armour         | 3 4 |  4.2
Invocations    | 3 4 |  4.4
Fighting       | 4 |  4.7

Action                   |  1- 3 |  4- 6 |  7- 9 || total
-------------------------+-------+-------+-------++-------
Melee: Falchion          |    72 |   253 |    80 ||   405
Invok: Depart the Abyss  |     1 |       |       ||     1
 Abil: Dig               |     2 |     1 |     2 ||     5
       Shaft Self        |       |       |     1 ||     1
Evoke: Wand              |       |       |     3 ||     3
  Use: Scroll            |     4 |     2 |       ||     6
       Potion            |     2 |       |     6 ||     8
Armor: Leather armour    |    27 |    85 |    19 ||   131
       Skin              |       |     4 |       ||     4
Dodge: Dodged            |    51 |   139 |    44 ||   234
Block: Other             |       |    24 |    14 ||    38
       Rpst.: Falchion   |    11 |    47 |    14 ||    72

Table legend: (Time is in decaauts)
 A = Elapsed time spent in this place.
 B = Non-inter-level travel time spent in this place.
 C = Inter-level travel time spent in this place.
 D = Time resting spent in this place.
 E = Time spent auto-exploring this place.
 F = Levels seen in this place.
 G = Mean time per level.
                   A        B        C        D        E       F      G
               +--------+--------+--------+--------+--------+-----+--------+
         Total |   4805 |   4700 |    105 |    651 |   3199 |   7 |  686.4 |
       Dungeon |   4722 |   4617 |    105 |    651 |   3129 |   6 |  787.0 |
         Abyss |     83 |     83 |      0 |      0 |     70 |   1 |   83.0 |
               +--------+--------+--------+--------+--------+-----+--------+

Top non-repeatable levels by time:
     D:2: 1370 daAuts
     D:4: 1078 daAuts
     D:3: 1029 daAuts
     D:1: 828 daAuts
     D:6: 356 daAuts
 Abyss:1: 83 daAuts
     D:5: 58 daAuts
